 Dungeon Sprint DCSS version 0.26-a0-665-gefeb406119 (webtiles) character file.

Game seed: 9758204006647088527

189681 olmar the Axe Maniac (level 21, -12/219 HPs)
             Began as a Deep Dwarf Fighter on Oct 15, 2020.
             Was an Initiate of Gozag.
             Killed from afar by a Hell Sentinel (58 damage)
             ... with an iron shot
             ... in the Dungeon (Sprint VI: "Thunderdome").
             The game lasted 00:48:05 (5822 turns).

olmar the Axe Maniac (Deep Dwarf Fighter)           Turns: 5822, Time: 00:48:06

Health: -12/219    AC: 57    Str: 32    XL:     21   Next: 75%
Magic:  12/12      EV: 21    Int: 13    God:    Gozag
Gold:   3796       SH: 20    Dex: 19    Spells: 20/20 levels left

rFire    + + +     SeeInvis +   b - +9 broad axe (chaos)
rCold    + + +     Faith    .   D - +0 kite shield "Qilihism" {rElec rF+ Int+3} (curse)
rNeg     + + +     Spirit   .   z - +14 crystal plate armour
rPois    +         Reflect  .   r - +2 hood of the Assassin {Detection Stab+ Stlth++}
rElec    +         Harm     .   C - +2 cloak of Zuaroxt {Rampage rF+ rCorr}
rCorr    +         Rampage  +   s - +0 pair of fencer's gloves {Riposte Dex+3}
MR       +++++     NoTele   +   u - +2 pair of boots of Plasticity {rPois rF- rC+++ Dex+4}
Stlth    ++++++....             A - amulet "Kaugego" {Acrobat rF+ Stlth+}
HPRegen  0.00/turn              o - ring "Lovom" {rPois rF+ rN++ Str+4 Int+3}
MPRegen  0.13/turn              a - ring "Xemmadag" {MR+ Slay+2 SInv}

@: gold aura, non-regenerating
A: damage resistance, heal wounds, deterioration 2, dopey 2, frail 1, magic
resistance 1, negative energy resistance 1, sense surroundings 3, screaming 2,
subdued magic 1, no regeneration
}: 6/15 runes: serpentine, barnacled, slimy, silver, magical, mossy
a: Heal Wounds, Potion Petition, Call Merchant, Bribe Branch, Renounce Religion


You were in the Dungeon.
You worshipped Gozag.
Gozag was most pleased with you.
You visited 1 branch You collected 51592 gold pieces.
You spent 17033 gold pieces at shops.
You paid 30763 gold pieces to Gozag.

Inventory:

Hand Weapons
 b - a +9 broad axe of chaos (weapon)
Armour
 p - the cursed -1 hat of the Engineer {rPois MP+9 Dex+2}
   (You bought it in a shop in the Dungeon)

   It affects your dexterity (+2).
   It protects you from poison.
   It affects your magic capacity (+9).
   It has a curse placed upon it.
 q - the +2 pair of gloves of Hymp {rN+ Str+6}
   (You bought it in a shop in the Dungeon)

   It affects your strength (+6).
   It protects you from negative energy.
 r - the +2 hood of the Assassin (worn) {Detection Stab+ Stlth++}
   (You bought it in a shop in the Dungeon)

   It makes you much more stealthy.
 s - the +0 pair of fencer's gloves (worn) {Riposte Dex+3}
   (You bought it in a shop in the Dungeon)

   It affects your dexterity (+3).
 u - the +2 pair of boots of Plasticity (worn) {rPois rF- rC+++ Dex+4}
   (You bought it in a shop in the Dungeon)

   It affects your dexterity (+4).
   It makes you vulnerable to fire.
   It renders you almost immune to cold.
   It protects you from poison.
 w - the +1 helmet of the Gloaming {*Corrode rPois Regen+ Str+7}
   (You bought it in a shop in the Dungeon)

   It affects your strength (+7).
   It protects you from poison.
   It increases your rate of regeneration.
   It may corrode you when you take damage.
 z - a +14 crystal plate armour (worn)
 C - the +2 cloak of Zuaroxt (worn) {Rampage rF+ rCorr}
   (You bought it in a shop in the Dungeon)

   It protects you from fire.
   It provides partial protection from all sources of acid and corrosion.
   It bestows one free step when moving towards enemies.
 D - the cursed +0 kite shield "Qilihism" (worn) {rElec rF+ Int+3}
   (You bought it in a shop in the Dungeon)

   It affects your intelligence (+3).
   It protects you from fire.
   It insulates you from electricity.
   It has a curse placed upon it.
 E - the +4 dragonskin cloak
   (You took it off Tiamat in the Dungeon)
 H - a scarf of invisibility
Jewellery
 a - the ring "Xemmadag" (right hand) {MR+ Slay+2 SInv}
   (You bought it in a shop in the Dungeon)

   [ring of see invisible]

   It affects your accuracy and damage with ranged weapons and melee attacks
   (+2).
   It affects your resistance to hostile enchantments.
   It lets you see invisible.
 o - the ring "Lovom" (left hand) {rPois rF+ rN++ Str+4 Int+3}
   (You bought it in a shop in the Dungeon)

   [ring of protection from fire]

   It affects your strength (+4).
   It affects your intelligence (+3).
   It protects you from fire.
   It protects you from poison.
   It greatly protects you from negative energy.
 A - the amulet "Kaugego" (around neck) {Acrobat rF+ Stlth+}
   (You found it in the Dungeon)

   [amulet of the acrobat]

   It helps you evade while moving and waiting.
   It protects you from fire.
   It makes you more stealthy.
 B - the ring "Loiniop" {rCorr Slay+3}
   (You bought it in a shop in the Dungeon)

   [ring of resist corrosion]

   It affects your accuracy and damage with ranged weapons and melee attacks
   (+3).
   It provides partial protection from all sources of acid and corrosion.
Wands
 k - a wand of paralysis (3)
 l - a wand of iceblast (1)
Scrolls
 c - a scroll of enchant weapon
 d - 2 scrolls of enchant armour
 j - 4 scrolls of blinking
 m - 3 scrolls of fog
 v - 2 scrolls of identify
Potions
 e - 20 potions of curing
 f - 22 potions of heal wounds
 g - a potion of haste
 h - 2 potions of magic
 i - a potion of berserk rage
 n - a potion of resistance
 t - 5 potions of mutation
 x - a potion of stabbing
 F - a potion of invisibility
 I - a potion of experience
Miscellaneous
 y - a tin of tremorstones (3/3)
 G - a condenser vane (2/2)


   Skills:
 O Level 27 Fighting
 O Level 27 Axes
 O Level 27 Armour
 + Level 19.7 Dodging
 O Level 27 Stealth
 O Level 27 Shields
 O Level 27 Evocations


You had 20 spell levels left.
You didn't know any spells.
Your spell library contained the following spells:

 Spells                   Type           Power        Failure   Level
 Leda's Liquefaction      Hex/Erth       #.........   100%        4
 Bolt of Magma            Conj/Fire/Erth #.........   100%        5
 Iron Shot                Conj/Erth      #.........   100%        6
 Statue Form              Tmut/Erth      #........    100%        6
 Shatter                  Erth           #.........   100%        9


Dungeon Overview and Level Annotations

Branches:
Dungeon (1/1)

Altars:
Cheibriados
Dithmenos
Fedhas
Gozag
Kikubaaqudgha
Makhleb
Okawaru
Qazlal
Ru
Sif Muna
Trog
Uskayaw
Vehumet
Wu Jian
Xom
Yredelemnul
Zin
The Shining One
Beogh
Jiyva
Lugonu

Shops:
D *[??*?**=[[*[[*[=[[(([*:[(([!!!


Innate Abilities, Weirdness & Mutations

You are resistant to damage.
You can heal yourself by infusing magical energy.
You resist negative energy. (rN+)
You passively map a large area around you.
You do not regenerate.
Your body often deteriorates upon taking damage.
You are very dopey. (Int -4)
You are frail. (-10% HP)
You are resistant to hostile enchantments. (MR+)
You sometimes yell uncontrollably at your foes.
Your spells are a little easier to cast, but a little less powerful.


Message History

You barely miss the Tzitzimitl.
The Tzitzimitl is moderately wounded.
The Executioner gives a hideous shriek!
You hit the Ice Fiend.
You hear a roar!
You block the Ice Fiend's attack. x2; The Tzitzimitl misses you.
You block the Tzitzimitl's attack.
A Tzitzimitl comes into view.
You carve the Tzitzimitl like a ham!!!
The Tzitzimitl's magic leaks into the air.
The Tzitzimitl is severely wounded.
You slice the Ice Fiend!!
The Ice Fiend's magic leaks into the air.
You slash the Hell Sentinel! The Ice Fiend gestures at you.
The bolt of cold misses you. The Hell Sentinel gestures at you.
The iron shot hits you!!!
You die...
Your body crumbles into a pile of gold.

##### ##§⌠⌠## #.....# ##..∩..##
##∩..1..∩## #∩..∩∩∩..∩#
#_..∩∩∩$._# #_.=1@∩)._#
#[..11[.._# ###[[)∩∩)[..###
#⌠[.[.)[.....⌠#
######[8.[[[.∩..[8)######
##.___..1)[.###.......__∩##
###∩.....[.)8.# #.8..∩[....∩###
##.......1...).###.......)).)..##
#⌠..".......###...###.....)....⌠#


You could see a Hell Sentinel, 3 Tzitzimimeh, an Ice Fiend and an Executioner.

Vanquished Creatures
  Dissolution (D)
  Lom Lobon (D)
  Tiamat (D)
  6 orbs of fire (D)
  An ancient lich (D)
  Agnes (D)
  3 Killer Klowns (D)
  Margery (D)
  6 curse toes (D)
  6 Brimstone Fiends (D)
  An electric golem (D)
  A hellephant (D)
  An Ice Fiend (D)
  4 Hell Sentinels (D)
  Ilsuiw (D)
  6 Orb Guardians (D)
  A quicksilver dragon (D)
  Murray (D)
  An Executioner (D)
  Roxanne (D)
  A draconian monk (D)
  A nagaraja (D)
  2 fire giants (D)
  4 ghost moths (D)
  3 balrugs (D)
  6 iron dragons (D)
  2 stone giants (D)
  2 ophanim (D)
  2 ogre magi (D)
  2 hydras (D)
  2 great orbs of eyes (D)
  4 hell beasts (D)
  Erolcha (D)
  4 naga warriors (D)
  A spriggan air mage (D)
  22 boulder beetles (D)
  An iron elemental (D)
  2 anacondas (D)
  An alligator (D)
  3 two-headed ogres (D)
  A hell hog (D)
  5 sun demons (D)
  25 hell knights (D)
  Aizul (D)
  A spriggan druid (D)
  An unseen horror (shapeshifter) (D)
  3 swamp dragons (D)
  A harpy (D)
  2 necromancers (D)
  6 shining eyes (D)
  A salamander (shapeshifter) (D)
  4 moths of wrath (D)
  Maurice (D)
  2 black mambas (D)
  5 rust devils (D)
  A smoke demon (D)
  3 naga magi (D)
  5 eyes of devastation (D)
  4 cane toads (D)
  A komodo dragon (D)
  7 hellions (D)
  3 hellwings (D)
  3 wandering mushrooms (D)
  A polar bear (D)
  A wind drake (shapeshifter) (D)
  A troll (shapeshifter) (D)
  A merfolk (D)
  A raiju (shapeshifter) (D)
  An air elemental (D)
  A yak (D)
  A wyvern (D)
  A basilisk (D)
  A human (shapeshifter) (D)
  7 golden eyes (D)
  23 neqoxecs (D)
  14 vampire mosquitoes (D)
  A soldier ant (shapeshifter) (D)
  A water moccasin (D)
  A hell hound (D)
  6 floating eyes (D)
  4 sky beasts (D)
  7 eyes of draining (D)
  A necrophage (D)
  3 ogres (D)
  Blork the orc (D)
  4 bullfrogs (D)
  2 earth elementals (D)
  A scorpion (D)
  A quasit (D)
  An orc priest (D)
  4 jellies (D)
  An iron imp (D)
  An orc wizard (D)
  A lightning spire (D)
  A mummy (D)
  An adder (D)
  2 white imps (D)
  An ufetubus (D)
  An adder zombie (D)
  A worm (shapeshifter) (D)
  10 ball lightnings (D)
  2 orcs (D)
  A quokka (D)
312 creatures vanquished.

Vanquished Creatures (others)
  A smoke demon (D)
  6 ball lightnings (D)
7 creatures vanquished.

Grand Total: 319 creatures vanquished

Notes
Turn   | Place    | Note
-------+----------+-------------------------------------------
     0 | D        | olmar the Deep Dwarf Fighter began the quest for the Orb.
     0 | D        | Reached XP level 1. HP: 20/20 MP: 1/1
     1 | D        | Found a glowing golden altar of the Shining One.
     1 | D        | Found a basalt altar of Yredelemnul.
     2 | D        | Found a viscous altar of Jiyva.
     2 | D        | Found a corrupted altar of Lugonu.
     3 | D        | Found a stormy altar of Qazlal.
     3 | D        | Found a glowing silver altar of Zin.
     4 | D        | Found Lufa's Identification Station.
     4 | D        | Found an opulent altar of Gozag.
     4 | D        | Found a shimmering altar of Xom.
     5 | D        | Found Xoax's Advanced Armour.
     5 | D        | Found Wazikhlut's Jewellery.
     5 | D        | Round 1.
    11 | D        | Became a worshipper of Gozag Ym Sagoz the Greedy
    16 | D        | Bought a slimy copper ring for 45 gold pieces
    16 | D        | Bought a faintly glowing wooden ring for 45 gold pieces
    16 | D        | Bought a flickering jade amulet for 45 gold pieces
    16 | D        | Identified the ring "Lovom" {rPois rF+ rN++ Str+4 Int+3}
                  | (You bought it in a shop in the Dungeon)
    17 | D        | Identified the ring "Oseat" {rCorr Dex+2} (You bought it in
                  | a shop in the Dungeon)
    23 | D        | Identified the amulet "Afog" {Inacc rC+ MR+ Int+3 Stlth-}
                  | (You bought it in a shop in the Dungeon)
    28 | D        | Bought a wavering ruby amulet for 45 gold pieces
    33 | D        | Identified the amulet "Qereukha" {Inacc rElec rPois rN+
                  | Str-2} (You bought it in a shop in the Dungeon)
    48 | D        | Found a burning altar of Makhleb.
    48 | D        | Found an ancient bone altar of Kikubaaqudgha.
    48 | D        | Found Uroela's Magic Scroll Shop.
    48 | D        | Found Liaveti's Magic Scroll Shop.
    55 | D        | Noticed a quasit
    68 | D        | Killed a quasit
    68 | D        | Reached skill level 5 in Armour
    68 | D        | Reached skill level 1 in Dodging
    68 | D        | Reached skill level 5 in Shields
    68 | D        | Reached XP level 2. HP: 13/30 MP: 2/2
    68 | D        | Reached XP level 3. HP: 16/36 MP: 3/3
    70 | D        | Found Tepso's Must-Have Magic.
    95 | D        | Reached XP level 4. HP: 27/45 MP: 4/4
   110 | D        | Bought a wavering sapphire amulet for 45 gold pieces
   110 | D        | Bought a shimmering silver amulet for 45 gold pieces
   117 | D        | Arena points: 12 (+12) [x2]
   118 | D        | Found a bloodstained altar of Trog.
   128 | D        | Identified the amulet of Acijixe {Faith rN+} (You bought it
                  | in a shop in the Dungeon)
   138 | D        | Identified the amulet "Lepnej" {RegenMP +Blink rC+ SInv}
                  | (You bought it in a shop in the Dungeon)
   149 | D        | Found Tenem's Premium Goods.
   149 | D        | Found Cueshas's Miscellaneous Merchandise.
   150 | D        | Found Rifergh's Basic Armour.
   151 | D        | Found an ornate altar of the Wu Jian Council.
   151 | D        | Found an iron altar of Okawaru.
   151 | D        | Found a sacrificial altar of Ru.
   151 | D        | Found Zutasatu's Weapon Rack.
   163 | D        | Bought a +0 broad axe for 120 gold pieces
   168 | D        | Found a blossoming altar of Fedhas.
   168 | D        | Found a shimmering blue altar of Sif Muna.
   168 | D        | Found Wosk's Do-It-Yourself Clinic.
   168 | D        | Found Ricef's Bottled Wisdom.
   171 | D        | Found Epneupn's Distillery.
   172 | D        | Found a roughly hewn altar of Beogh.
   172 | D        | Found a radiant altar of Vehumet.
   172 | D        | Found Puis's Distillery.
   174 | D        | Round 2.
   174 | D        | Noticed Blork the orc
   176 | D        | Found a shadowy altar of Dithmenos.
   186 | D        | Killed Blork the orc
   186 | D        | Reached skill level 5 in Fighting
   186 | D        | Reached XP level 5. HP: 39/52 MP: 5/5
   202 | D        | Reached skill level 5 in Axes
   221 | D        | Arena points: 48 (+36) [x3]
   221 | D        | Reached skill level 1 in Evocations
   232 | D        | Found a snail-covered altar of Cheibriados.
   232 | D        | Found a hide-covered altar of Uskayaw.
   232 | D        | Found Wyewyifa's Staff Store.
   238 | D        | Round 3.
   252 | D        | Noticed a wyvern
   259 | D        | Killed a wyvern
   259 | D        | Reached XP level 6. HP: 54/62 MP: 6/6
   327 | D        | Noticed Maurice
   339 | D        | Killed Maurice
   339 | D        | Arena points: 132 (+84) [x4]
   339 | D        | Reached skill level 10 in Axes
   339 | D        | Reached skill level 10 in Shields
   339 | D        | Reached XP level 7. HP: 47/70 MP: 7/7
   369 | D        | Bought a pair of masterwork boots for 332 gold pieces
   369 | D        | Bought a pair of heavily runed gloves for 332 gold pieces
   370 | D        | Bought 3 scrolls of identify for 150 gold pieces
   370 | D        | Identified the +2 pair of boots of Plasticity {rPois rF-
                  | rC+++ Dex+4} (You bought it in a shop in the Dungeon)
   371 | D        | Identified the +0 pair of gloves of Ataxtuz {Dex+3} (You
                  | bought it in a shop in the Dungeon)
   396 | D        | Round 4.
   443 | D        | Noticed an air elemental
   460 | D        | Killed an air elemental
   460 | D        | Reached XP level 8. HP: 35/80 MP: 8/8
   535 | D        | Arena points: 272 (+140) [x5]
   550 | D        | Bought a potion of stabbing for 52 gold pieces
   550 | D        | Bought a tin of tremorstones (3/3) for 520 gold pieces
   596 | D        | Round 5.
   599 | D        | Noticed Aizul
   617 | D        | Noticed an anaconda
   622 | D        | Killed an anaconda
   622 | D        | Reached skill level 5 in Evocations
   622 | D        | Gained mutation: You passively map the area around you.
                  | [Deep Dwarf growth]
   622 | D        | Reached XP level 9. HP: 36/88 MP: 9/9
   632 | D        | Killed Aizul
   632 | D        | Arena points: 517 (+245) [x7]
   641 | D        | Got a scintillating silver amulet
   641 | D        | Got a serpentine rune of Zot
   642 | D        | Identified the amulet "Kaugego" {Acrobat rF+ Stlth+} (You
                  | found it in the Dungeon)
   653 | D        | Reached skill level 10 in Armour
   653 | D        | Reached XP level 10. HP: 32/98 MP: 10/10
   695 | D        | Bought an encrusted helmet for 332 gold pieces
   701 | D        | Identified the +1 helmet of the Gloaming {*Corrode rPois
                  | Regen+ Str+7} (You bought it in a shop in the Dungeon)
   842 | D        | Round 6.
   921 | D        | Killed an unseen horror
   937 | D        | Noticed a salamander
   956 | D        | Killed a salamander
   979 | D        | Arena points: 949 (+432) [x8]
   999 | D        | Bought a +0 crystal plate armour for 960 gold pieces
  1033 | D        | Round 7.
  1064 | D        | Noticed a shining eye
  1069 | D        | Paralysed by a floating eye for 4 turns
  1080 | D        | Killed a shining eye
  1080 | D        | Reached skill level 15 in Axes
  1159 | D        | Bought 4 scrolls of enchant armour for 300 gold pieces
  1164 | D        | Noticed a shining eye
  1169 | D        | Gained mutation: You are resistant to hostile enchantments.
                  | (MR+) [a shining eye]
  1172 | D        | Gained mutation: Your body sometimes deteriorates upon
                  | taking damage. [a shining eye]
  1178 | D        | Gained mutation: You occasionally shout uncontrollably at
                  | your foes. [a shining eye]
  1179 | D        | Killed a shining eye
  1179 | D        | Arena points: 1516 (+567) [x9]
  1179 | D        | Reached XP level 11. HP: 65/108 MP: 11/11
  1202 | D        | Bought 4 scrolls of enchant armour for 300 gold pieces
  1203 | D        | Bought 4 scrolls of enchant armour for 300 gold pieces
  1232 | D        | Round 8.
  1256 | D        | Reached skill level 15 in Shields
  1276 | D        | Noticed Erolcha
  1286 | D        | Noticed a two-headed ogre
  1292 | D        | Killed Erolcha
  1292 | D        | Reached skill level 10 in Fighting
  1301 | D        | Killed a two-headed ogre
  1340 | D        | Noticed an ogre mage
  1346 | D        | Noticed a two-headed ogre
  1352 | D        | Killed an ogre mage
  1353 | D        | Killed a two-headed ogre
  1355 | D        | Noticed an ogre mage
  1357 | D        | Noticed a two-headed ogre
  1368 | D        | Killed an ogre mage
  1381 | D        | Killed a two-headed ogre
  1381 | D        | Arena points: 2316 (+800) [x10]
  1392 | D        | Bought the ring "Loiniop" {rCorr Slay+3} for 673 gold
                  | pieces
  1427 | D        | Round 9.
  1551 | D        | Arena points: 3405 (+1089) [x11]
  1551 | D        | Reached skill level 10 in Evocations
  1617 | D        | Round 10.
  1629 | D        | Noticed Ilsuiw
  1634 | D        | Noticed a harpy
  1650 | D        | Killed a harpy
  1674 | D        | Killed Ilsuiw
  1674 | D        | Arena points: 4705 (+1300) [x13]
  1674 | D        | Reached XP level 12. HP: 86/120 MP: 12/12
  1675 | D        | Got a barnacled rune of Zot
  1697 | D        | Bought a bloodstained tower shield for 332 gold pieces
  1697 | D        | Bought a translucent cloak for 332 gold pieces
  1698 | D        | Bought 3 scrolls of identify for 150 gold pieces
  1698 | D        | Identified the cursed -1 tower shield of Betuptul {Dex+3}
                  | (You bought it in a shop in the Dungeon)
  1700 | D        | Bought a faintly glowing kite shield for 332 gold pieces
  1700 | D        | Bought a crude buckler for 332 gold pieces
  1700 | D        | Identified the +0 cloak "Wogor Mam" {Harm MR+ Dex+4} (You
                  | bought it in a shop in the Dungeon)
  1701 | D        | Identified the cursed +0 kite shield "Qilihism" {rElec rF+
                  | Int+3} (You bought it in a shop in the Dungeon)
  1816 | D        | Bought a heavily runed cloak for 332 gold pieces
  1817 | D        | Bought 3 scrolls of identify for 150 gold pieces
  1817 | D        | Identified the +2 cloak of Zuaroxt {Rampage rF+ rCorr} (You
                  | bought it in a shop in the Dungeon)
  1874 | D        | Round 11.
  1899 | D        | Noticed Roxanne
  1972 | D        | Killed Roxanne
  1980 | D        | Arena points: 6091 (+1386) [x14]
  2023 | D        | Bought the ring "Xemmadag" {MR+ Slay+2 SInv} for 612 gold
                  | pieces
  2027 | D        | Bought 8 scrolls of enchant weapon for 600 gold pieces
  2034 | D        | Bought a scroll of brand weapon for 200 gold pieces
  2048 | D        | Round 12.
  2052 | D        | Noticed a naga warrior
  2058 | D        | Noticed an anaconda
  2061 | D        | Killed a naga warrior
  2064 | D        | Killed an anaconda
  2102 | D        | Noticed a nagaraja
  2102 | D        | Noticed a naga warrior
  2107 | D        | Killed a nagaraja
  2113 | D        | Killed a naga warrior
  2116 | D        | Noticed a naga warrior
  2122 | D        | Killed a naga warrior
  2153 | D        | Noticed a naga warrior
  2164 | D        | Killed a naga warrior
  2164 | D        | Arena points: 8251 (+2160) [x15]
  2183 | D        | Bought 3 potions of heal wounds for 105 gold pieces
  2183 | D        | Bought 3 potions of heal wounds for 105 gold pieces
  2183 | D        | Bought 3 potions of heal wounds for 105 gold pieces
  2183 | D        | Bought 3 potions of heal wounds for 105 gold pieces
  2183 | D        | Bought 3 potions of heal wounds for 105 gold pieces
  2183 | D        | Bought 3 potions of heal wounds for 105 gold pieces
  2183 | D        | Bought 3 potions of heal wounds for 105 gold pieces
  2183 | D        | Bought 3 potions of heal wounds for 105 gold pieces
  2183 | D        | Bought 3 potions of heal wounds for 105 gold pieces
  2183 | D        | Bought 3 potions of heal wounds for 105 gold pieces
  2183 | D        | Bought 3 potions of heal wounds for 105 gold pieces
  2183 | D        | Bought 3 potions of heal wounds for 105 gold pieces
  2183 | D        | Bought 4 potions of curing for 84 gold pieces
  2183 | D        | Bought 4 potions of curing for 84 gold pieces
  2183 | D        | Bought 4 potions of curing for 84 gold pieces
  2183 | D        | Bought 4 potions of curing for 84 gold pieces
  2183 | D        | Bought 4 potions of curing for 84 gold pieces
  2184 | D        | Bought a potion of experience for 300 gold pieces
  2184 | D        | Reached XP level 13. HP: 68/133 MP: 13/13
  2185 | D        | Gained mutation: You resist negative energy. (rN+) [Deep
                  | Dwarf growth]
  2185 | D        | Reached XP level 14. HP: 73/142 MP: 14/14
  2198 | D        | Round 13.
  2233 | D        | Reached skill level 15 in Armour
  2300 | D        | Reached XP level 15. HP: 116/151 MP: 15/15
  2327 | D        | Arena points: 10539 (+2288) [x16]
  2394 | D        | Round 14.
  2469 | D        | Bought 4 scrolls of enchant armour for 300 gold pieces
  2564 | D        | Arena points: 13395 (+2856) [x17]
  2564 | D        | Reached skill level 15 in Fighting
  2602 | D        | Round 15.
  2606 | D        | Noticed Agnes
  2629 | D        | Killed Agnes
  2629 | D        | Arena points: 16530 (+3135) [x19]
  2630 | D        | Got a mossy rune of Zot
  2645 | D        | Bought a bloodstained hat for 315 gold pieces
  2645 | D        | Bought a pair of polished gloves for 332 gold pieces
  2646 | D        | Bought 3 scrolls of identify for 150 gold pieces
  2647 | D        | Identified the cursed -1 hat of the Engineer {rPois MP+9
                  | Dex+2} (You bought it in a shop in the Dungeon)
  2648 | D        | Identified the +2 pair of gloves of Masochism {+Blink
                  | rPois} (You bought it in a shop in the Dungeon)
  2825 | D        | Round 16.
  2878 | D        | Gained mutation: You are clumsy. (Dex -2) [a shining eye]
  2885 | D        | Gained mutation: Your body often deteriorates upon taking
                  | damage. [a shining eye]
  2908 | D        | Reached XP level 16. HP: 103/165 MP: 16/16
  2950 | D        | Paralysed by a floating eye for 4 turns
  2984 | D        | Arena points: 21970 (+5440) [x20]
  2996 | D        | Identified the cursed -2 buckler of Bitterness {rElec
                  | Int+4} (You bought it in a shop in the Dungeon)
  3010 | D        | Bought an ancient helmet for 361 gold pieces
  3010 | D        | Identified the +1 helmet of Keed {rF+ rN+} (You bought it
                  | in a shop in the Dungeon)
  3031 | D        | Round 17.
  3087 | D        | Arena points: 26611 (+4641) [x21]
  3120 | D        | Bought the +0 pair of fencer's gloves {Riposte Dex+3} for
                  | 1520 gold pieces
  3120 | D        | Found the +0 pair of fencer's gloves {Riposte Dex+3}
  3128 | D        | Round 18.
  3216 | D        | Arena points: 31363 (+4752) [x22]
  3279 | D        | Round 19.
  3341 | D        | Gained mutation: You are dopey. (Int -2) [a shining eye]
  3345 | D        | Lost mutation: You are clumsy. (Dex -2) [a shining eye]
  3352 | D        | Paralysed by a floating eye for 4 turns
  3444 | D        | Arena points: 38355 (+6992) [x23]
  3471 | D        | Round 20.
  3471 | D        | Noticed Dissolution
  3484 | D        | Killed Dissolution
  3484 | D        | Arena points: 44855 (+6500) [x25]
  3484 | D        | Reached XP level 17. HP: 187/187 MP: 9/17
  3488 | D        | Got a slimy rune of Zot
  3501 | D        | Gained mutation: You passively map a large area around you.
                  | [Deep Dwarf growth]
  3501 | D        | Reached XP level 18. HP: 196/196 MP: 11/18
  3508 | D        | Bought a slimy helmet for 418 gold pieces
  3521 | D        | Bought 3 scrolls of identify for 150 gold pieces
  3521 | D        | Identified the +2 helmet of Sloth {Rampage +Blink rC+
                  | Dex-4} (You bought it in a shop in the Dungeon)
  3687 | D        | Round 21.
  3704 | D        | Noticed a hellephant
  3714 | D        | Killed a hellephant
  3831 | D        | Arena points: 53045 (+8190) [x26]
  3867 | D        | Bought a jewelled helmet for 294 gold pieces
  3867 | D        | Identified the +0 helmet "Ymape" {rElec} (You bought it in
                  | a shop in the Dungeon)
  3873 | D        | Bought a pair of translucent gloves for 294 gold pieces
  3873 | D        | Identified the +2 pair of gloves of Hymp {rN+ Str+6} (You
                  | bought it in a shop in the Dungeon)
  3882 | D        | Round 22.
  3883 | D        | Noticed Margery
  3895 | D        | Killed Margery
  4046 | D        | Arena points: 63143 (+10098) [x27]
  4077 | D        | Round 23.
  4140 | D        | Noticed a Hell Sentinel
  4141 | D        | Noticed a Hell Sentinel
  4152 | D        | Killed a Hell Sentinel
  4152 | D        | Reached skill level 27 in Axes
  4160 | D        | Killed a Hell Sentinel
  4161 | D        | Noticed a Hell Sentinel
  4174 | D        | Noticed a Hell Sentinel
  4178 | D        | Killed a Hell Sentinel
  4198 | D        | Killed a Hell Sentinel
  4248 | D        | Arena points: 74735 (+11592) [x28]
  4279 | D        | Round 24.
  4307 | D        | Reached XP level 19. HP: 137/213 MP: 3/19
  4378 | D        | Arena points: 87959 (+13224) [x29]
  4459 | D        | Round 25.
  4460 | D        | Noticed Mara
  4463 | D        | Noticed olmar's illusion
  4481 | D        | Arena points: 99584 (+11625) [x31]
  4482 | D        | Got a silver rune of Zot
  4483 | D        | Got an iridescent broad axe
  4489 | D        | Bought 3 scrolls of identify for 150 gold pieces
  4489 | D        | Identified the +1 broad axe of Agony {vorpal, Dex+4} (You
                  | found it in the Dungeon)
  4563 | D        | Bought a potion of haste for 70 gold pieces
  4563 | D        | Bought 2 potions of mutation for 112 gold pieces
  4563 | D        | Bought a potion of mutation for 56 gold pieces
  4565 | D        | Reached XP level 20. HP: 160/225 MP: 19/19
  4597 | D        | Bought the +2 hood of the Assassin {Detection Stab+
                  | Stlth++} for 1860 gold pieces
  4597 | D        | Found the +2 hood of the Assassin {Detection Stab+ Stlth++}
  4681 | D        | Round 26.
  4681 | D        | Noticed a curse toe
  4682 | D        | Noticed a curse toe
  4685 | D        | Noticed a curse toe
  4688 | D        | Noticed a curse toe
  4693 | D        | Killed a curse toe
  4697 | D        | Noticed Murray
  4699 | D        | Killed a curse toe
  4712 | D        | Killed a curse toe
  4715 | D        | Noticed a curse toe
  4727 | D        | Noticed a curse toe
  4729 | D        | Killed Murray
  4731 | D        | Killed a curse toe
  4731 | D        | Reached skill level 27 in Shields
  4739 | D        | Killed a curse toe
  4742 | D        | Killed a curse toe
  4760 | D        | Arena points: 108736 (+9152) [x32]
  4783 | D        | Round 27.
  4791 | D        | Noticed an ancient lich
  4797 | D        | Killed an ancient lich
  4800 | D        | Reached skill level 15 in Evocations
  4805 | D        | Noticed an orb of fire
  4810 | D        | Reached skill level 27 in Fighting
  4811 | D        | Killed an orb of fire
  4828 | D        | Reached skill level 5 in Stealth
  4830 | D        | Noticed a Killer Klown
  4839 | D        | Killed a Killer Klown
  4841 | D        | Identified the +4 dragonskin cloak
  4841 | D        | Noticed Tiamat
  4850 | D        | Reached skill level 10 in Stealth
  4855 | D        | Noticed a Killer Klown
  4865 | D        | Noticed a Killer Klown
  4870 | D        | Noticed an orb of fire
  4882 | D        | Killed Tiamat
  4882 | D        | Reached skill level 15 in Stealth
  4888 | D        | Killed an orb of fire
  4895 | D        | Killed a Killer Klown
  4897 | D        | Killed a Killer Klown
  4897 | D        | Arena points: 125665 (+16929) [x33]
  4897 | D        | Reached XP level 21. HP: 106/244 MP: 18/18
  4963 | D        | Bought 2 potions of mutation for 224 gold pieces
  4963 | D        | Bought a potion of invisibility for 112 gold pieces
  4963 | D        | Bought a potion of curing for 42 gold pieces
  4963 | D        | Bought a condenser vane (2/2) for 280 gold pieces
  5093 | D        | Round 28.
  5102 | D        | Noticed an orb of fire
  5106 | D        | Killed an orb of fire
  5106 | D        | Reached skill level 27 in Armour
  5197 | D        | Noticed an orb of fire
  5207 | D        | Noticed an orb of fire
  5207 | D        | Gained mutation: You are frail. (-10% HP) [an orb of fire]
  5214 | D        | Killed an orb of fire
  5214 | D        | Reached skill level 27 in Stealth
  5220 | D        | Killed an orb of fire
  5221 | D        | Noticed an orb of fire
  5237 | D        | Killed an orb of fire
  5237 | D        | Reached skill level 27 in Evocations
  5243 | D        | Arena points: 147561 (+21896) [x34]
  5290 | D        | Round 29.
  5358 | D        | Gained mutation: Your spells are a little easier to cast,
                  | but a little less powerful. [a neqoxec]
  5359 | D        | Gained mutation: You are very dopey. (Int -4) [a neqoxec]
  5361 | D        | Gained mutation: You sometimes yell uncontrollably at your
                  | foes. [a neqoxec]
  5367 | D        | Reached skill level 10 in Dodging
  5412 | D        | Arena points: 171921 (+24360) [x35]
  5475 | D        | Round 30.
  5505 | D        | Noticed Lom Lobon
  5542 | D        | Killed Lom Lobon
  5542 | D        | Arena points: 189681 (+17760) [x37]
  5543 | D        | Got a magical rune of Zot
  5749 | D        | Round 31.
  5822 | D        | Killed from afar by a Hell Sentinel

Illustrated notes

Levels and vault maps discovered:
D:        arena_sprint

Skill      XL: |  1  2  3  4  5  6  7  8  9 10 11 12 13 14 15 16 17 18 19 20 21 |
---------------+----------------------------------------------------------------+-----
Fighting       | 4 5 6 7 8 9 11 13 14 15 20 23 24 27 | 27.0
Armour         | 5 6 7 8 9 10 11 12 14 15 16 18 21 26 27 | 27.0
Dodging        | 1 2 3 19 | 19.7
Shields        | 5 6 8 10 11 12 13 14 16 18 19 20 22 25 26 27 | 27.0
Axes           | 3 4 7 10 11 12 13 15 18 19 20 21 25 27 | 27.0
Evocations     | 2 3 4 5 6 8 10 11 12 13 19 27 | 27.0
Stealth        | 19 27 | 27.0

Action                   |  1- 3 |  4- 6 |  7- 9 | 10-12 | 13-15 | 16-18 | 19-21 || total
-------------------------+-------+-------+-------+-------+-------+-------+-------++-------
Melee: War axe           |    32 |    47 |    82 |   170 |       |       |       ||   331
       Broad axe         |       |       |       |    89 |   125 |   345 |   333 ||   892
Invok: Call Merchant     |       |       |     1 |     1 |     3 |     5 |     7 ||    17
 Abil: Heal Wounds       |     1 |     2 |     4 |     5 |       |    10 |    33 ||    55
Evoke: Wand              |     1 |     6 |     1 |     1 |       |     1 |       ||    10
       Tin of tremorston |       |       |     6 |    14 |     4 |     4 |    16 ||    44
       Condenser vane    |       |       |       |       |       |       |     2 ||     2
  Use: Scroll            |       |       |     3 |    23 |     6 |     5 |     1 ||    38
       Potion            |       |       |     2 |     4 |     4 |     4 |    17 ||    31
 Stab: Distracted        |       |       |     2 |     3 |     1 |     6 |    11 ||    23
       Paralysed         |       |       |       |       |     2 |     6 |     4 ||    12
       Confused          |       |       |       |       |     2 |     2 |     9 ||    13
       Petrifying        |       |       |       |       |       |       |     2 ||     2
Armor: Scale mail        |    33 |     9 |    19 |    17 |       |       |       ||    78
       Crystal plate arm |       |       |       |    73 |    36 |    88 |   163 ||   360
Dodge: Dodged            |    27 |    10 |    24 |    42 |    19 |    38 |    88 ||   248
Block: Kite shield       |    33 |    42 |    52 |   136 |    63 |   157 |   220 ||   703
       Rpst.: Broad axe  |       |       |       |       |       |     3 |    21 ||    24

Table legend: (Time is in decaauts)
 A = Elapsed time spent in this place.
 B = Non-inter-level travel time spent in this place.
 C = Inter-level travel time spent in this place.
 D = Time resting spent in this place.
 E = Time spent auto-exploring this place.
 F = Levels seen in this place.
 G = Mean time per level.
                   A        B        C        D        E       F      G
               +--------+--------+--------+--------+--------+-----+--------+
         Total |   5455 |   5438 |     17 |   1060 |    347 |   1 | 5455.0 |
       Dungeon |   5455 |   5438 |     17 |   1060 |    347 |   1 | 5455.0 |
               +--------+--------+--------+--------+--------+-----+--------+

Top non-repeatable levels by time:
       D: 5455 daAuts
